 Dungeon Crawl Stone Soup version 0.20-a0-1122-gb7cbeb9 (webtiles) character file.

11366 Manul the Grappler (level 11, -2/100 HPs)
             Began as a Troll Monk on May 13, 2017.
             Slain by a killer bee (5 damage)
             ... on level 10 of the Dungeon.
             The game lasted 00:11:26 (8344 turns).

Manul the Grappler (Troll Monk)                     Turns: 8344, Time: 00:11:27

Health: -2/100     AC:  7    Str: 21 (24) XL:     11   Next: 48%
Magic:  20/20      EV: 12    Int:  5 (6)  God:
Gold:   376        SH: 10    Dex:  9 (12) Spells: 10/10 levels left

rFire    . . .     SeeInvis .     - Unarmed
rCold    + . .     Gourm    +   i - +0 shield
rNeg     . . .     Faith    .   C - +1 robe "Osalluaf" {Regen+ MP+9}
rPois    .         Spirit   .   (helmet restricted)
rElec    .         Reflect  .   v - +0 cloak
rCorr    .         Harm     .   (gloves unavailable)
MR       .....                  (boots unavailable)
Stlth    ++........             (no amulet)
Regen    1.1/turn               k - ring of flight
MPRegen  0.2/turn               n - ring of protection from cold

@: lethally poisoned (-2 -> -3), flying, slowed, studying Short Blades, very
slow
A: unfitting armour, claws 3, fast metabolism 3, gourmand, regeneration 1,
shaggy fur 1, tough skin 2
a: no special abilities


You were on level 10 of the Dungeon.
You were completely stuffed.

You visited 2 branches of the dungeon, and saw 11 of its levels.
You also visited: Bailey.

You collected 524 gold pieces.
You spent 148 gold pieces at shops.

Inventory:

Hand Weapons
 d - a +0 whip of freezing
Armour
 a - a +0 robe
 i - a +0 shield (worn)
 v - a +0 cloak (worn)
 C - the +1 robe "Osalluaf" (worn) {Regen+ MP+9}
   (You bought it in a shop on level 6 of the Dungeon)

   It affects your magic capacity (+9).
   It increases your rate of regeneration.
 I - +0 steam dragon scales
Jewellery
 k - a ring of flight (left claw)
 n - a ring of protection from cold (right claw)
Wands
 r - a wand of iceblast (4/15)
 w - a wand of confusion (26/48)
 y - a wand of random effects (20/48)
 A - a wand of lightning (6/15)
 F - a wand of digging (9/24)
 L - a wand of lightning (8/15)
 M - a wand of random effects (20/48)
 N - a wand of flame (13/48)
Scrolls
 c - 3 scrolls of enchant weapon {unknown}
 e - 3 scrolls of remove curse
 f - a scroll of noise {unknown}
 h - a scroll of identify
 m - 2 scrolls of amnesia
 q - a scroll of fear {unknown}
 u - 2 scrolls of fog {unknown}
 G - a scroll of acquirement {unknown}
 H - a scroll of immolation {unknown}
Potions
 j - a potion of brilliance {unknown}
 l - 3 potions of might {unknown}
 o - 4 potions of lignification
 p - a potion of mutation {unknown}
 B - a potion of berserk rage {unknown}
 E - a potion of agility {unknown}
 J - a potion of heal wounds {unknown}
Books
 Q - a manual of Short Blades
Comestibles
 b - 7 bread rations
 g - 5 meat rations
 s - 6 fruits
 t - 2 royal jellies
 O - 17 chunks of flesh


   Skills:
 + Level 4.2 Fighting
 + Level 0.5 Throwing
 * Level 2.1 Armour
 + Level 6.4 Dodging
 - Level 1.7 Stealth
 * Level 8.1 Shields
 + Level 12.5 Unarmed Combat
 - Level 1.3 Evocations


You had 10 spell levels left.
You didn't know any spells.

Dungeon Overview and Level Annotations

Branches:
Dungeon (10/15)            Temple (1/1) D:5             Orc (0/2) D:9
   Lair: D:8-11

Altars:
Cheibriados
Dithmenos
Elyvilon
Fedhas
Gozag
Hepliaklqana
Kikubaaqudgha
Makhleb
Nemelex Xobeh
Okawaru
Qazlal
Ru
Sif Muna
Trog
Uskayaw
Vehumet
Wu Jian
Xom
Yredelemnul
Zin
The Shining One

Shops:
D:6 [   D:7 }

Annotations:
D:9 Gastronok


Innate Abilities, Weirdness & Mutations

You are too large for most types of armour.
You have claws for hands.
Your metabolism is lightning-fast.
You like to eat raw meat.
Your natural rate of healing is unusually fast.
You are covered in fur. (AC +1)
You have very tough skin. (AC +2)


Message History

* * * LOW HITPOINT WARNING * * *
The wraith drains your vigour!
You feel as though you will be slow longer.
The killer bee stings you.
* * * LOW HITPOINT WARNING * * *
The killer bee closely misses you. The killer bee stings you!
* * * LOW HITPOINT WARNING * * *
You are poisoned.
The killer bee poisons you!
It was a potion of flight.
You feel very buoyant.
You fly up into the air.
You feel sick. The killer bee barely misses you. x2
You block the killer bee's attack. The killer bee misses you.
The killer bee closely misses you. The killer bee barely misses you.
The killer bee closely misses you. The killer bee stings you.
* * * LOW HITPOINT WARNING * * *
Your wraith hits the wraith. You block the wraith's attack.
The killer bee misses you. The killer bee barely misses you.
The killer bee closely misses you. The killer bee stings you.
You die...

+........... #...........
#........... #...........
. #...........
..#######+###..รท........
.............[......####
#.....yy................
#....sW@[$..............
#....Wyy................
........................
........................
########################


You could see a wraith, a scorpion, 4 killer bees and a friendly wraith.

Vanquished Creatures
  The ghost of EvilAshe the Slinger, a journeyman HaHu of Fedhas (D:10)
  3 two-headed ogres
  An ogre mage (D:10)
  The ghost of sour the Basher, a novice BaFi of Qazlal (Bailey)
  3 centaur zombies (D:10)
  The ghost of Keye the Thaumaturge, a novice DEFE (D:7)
  4 trolls
  A hippogriff (D:10)
  A wyvern (D:9)
  4 yaks
  2 hungry ghosts
  A steam dragon (D:9)
  A water moccasin (D:10)
  A black bear (D:10)
  10 orc warriors
  An eye of draining (D:10)
  4 ice beasts
  6 ogres
  3 necrophages
  A centaur (D:10)
  3 phantoms
  3 bullfrogs
  2 water moccasin zombies
  A wyvern zombie (D:10)
  2 scorpions
  A killer bee (D:8)
  2 howler monkeys (D:6)
  A crimson imp (D:7)
  2 orc priests (D:3)
  4 hounds
  3 jellies
  5 orc wizards
  Terence (D:2)
  2 iguanas
  8 worker ants
  A hound skeleton (D:4)
  A worker ant zombie (D:10)
  11 gnolls
  A howler monkey skeleton (D:6)
  16 adders
  A shadow imp (D:6)
  2 oozes
  3 adder skeletons
  A worm (D:2)
  A dart slug (D:2)
  4 leopard geckos
  34 orcs
  7 giant cockroaches
  10 goblins
  3 hobgoblins
  4 jackals (D:10)
  3 quokkas
  A ball python (D:7)
  A ball python zombie (D:2)
  5 bats
  10 frilled lizards
  A jackal skeleton (D:6)
  A jackal zombie (D:2)
  5 kobolds
  2 leopard gecko skeletons
  9 rats
228 creatures vanquished.

Notes
Turn   | Place    | Note
-------+----------+-------------------------------------------
     0 | D:1      | Manul the Troll Monk began the quest for the Orb.
     0 | D:1      | Reached XP level 1. HP: 22/22 MP: 0/0
    57 | D:1      | Reached XP level 2. HP: 24/29 MP: 1/1
   642 | D:2      | Reached XP level 3. HP: 36/36 MP: 2/2
   887 | D:2      | Reached XP level 4. HP: 45/45 MP: 3/3
   996 | D:2      | Found a deep blue altar of Sif Muna.
  1110 | D:2      | Reached skill level 4 in Unarmed Combat
  1141 | D:2      | Noticed Terence
  1147 | D:2      | Killed Terence
  1393 | D:2      | Reached XP level 5. HP: 53/53 MP: 4/4
  1861 | D:3      | Found a sacrificial altar of Ru.
  2089 | D:3      | Reached skill level 5 in Unarmed Combat
  2092 | D:3      | Reached XP level 6. HP: 6/61 MP: 5/5
  2878 | D:4      | Reached skill level 1 in Shields
  2878 | D:4      | Reached skill level 6 in Unarmed Combat
  2878 | D:4      | Reached XP level 7. HP: 67/67 MP: 6/6
  3291 | D:5      | Entered Level 5 of the Dungeon
  3331 | D:5      | Found a staircase to the Ecumenical Temple.
  3347 | D:5      | Noticed a two-headed ogre
  3349 | Temple   | Entered the Ecumenical Temple
  3443 | D:5      | Killed a two-headed ogre
  3443 | D:5      | Reached skill level 7 in Unarmed Combat
  3443 | D:5      | Reached XP level 8. HP: 74/75 MP: 7/7
  3577 | D:5      | Found a glowing golden altar of the Shining One.
  3579 | D:5      | Reached skill level 8 in Unarmed Combat
  3627 | D:5      | Found a hide-covered altar of Uskayaw.
  4168 | D:6      | Found a bloodstained altar of Trog.
  4261 | D:6      | Reached skill level 9 in Unarmed Combat
  4261 | D:6      | Reached XP level 9. HP: 83/84 MP: 8/8
  4355 | D:6      | Reached skill level 1 in Evocations
  4362 | D:6      | Found Seprug's Antique Armour Boutique.
  4376 | D:6      | Bought a dull robe for 148 gold pieces
  4386 | D:6      | Identified the +1 robe "Osalluaf" {Regen+ MP+9} (You bought it in a shop on level 6 of the Dungeon)
  4935 | D:7      | Found a shadowy altar of Dithmenos.
  4938 | D:7      | Noticed Keye's ghost (novice DEFE)
  4954 | D:7      | Killed Keye's ghost
  4954 | D:7      | Reached skill level 5 in Dodging
  4954 | D:7      | Reached skill level 10 in Unarmed Combat
  5068 | D:7      | Found a sparkling altar of Nemelex Xobeh.
  5097 | D:7      | Found a stormy altar of Qazlal.
  5126 | D:7      | Reached skill level 5 in Shields
  5148 | D:7      | Found a shimmering altar of Xom.
  5357 | D:7      | Found Muerchab's Gadget Emporium.
  5383 | D:7      | You fall through a shaft for 2 floors!
  5383 | D:9      | Found a flagged portal.
  5393 | Bailey   | Entered a bailey
  5635 | Bailey   | Noticed sour's ghost (novice BaFi)
  5652 | Bailey   | Killed sour's ghost
  5652 | Bailey   | Reached XP level 10. HP: 59/91 MP: 9/9
  5992 | Bailey   | Reached skill level 11 in Unarmed Combat
  6003 | Bailey   | Noticed an orc knight
  6195 | D:9      | Noticed Gastronok
  6811 | D:8      | Found a white marble altar of Elyvilon.
  6812 | D:8      | Found a blossoming altar of Fedhas.
  7006 | D:9      | Found a staircase to the Orcish Mines.
  7216 | D:9      | Noticed a two-headed ogre
  7224 | D:9      | Killed a two-headed ogre
  7498 | D:10     | Entered Level 10 of the Dungeon
  7585 | D:10     | Reached skill level 12 in Unarmed Combat
  7665 | D:10     | Noticed EvilAshe's ghost (journeyman HaHu)
  7694 | D:10     | Killed EvilAshe's ghost
  7694 | D:10     | Reached XP level 11. HP: 97/99 MP: 11/11
  7728 | D:10     | Reached skill level 1 in Armour
  8205 | D:10     | Noticed a two-headed ogre
  8205 | D:10     | Noticed an ogre mage
  8217 | D:10     | Killed a two-headed ogre
  8228 | D:10     | Killed an ogre mage
  8344 | D:10     | HP: 3/100 [killer bee (4)]
  8344 | D:10     | Slain by a killer bee

Vault maps used:
D:1:      tarquinn_simple_flora_water_a, minmay_misc_feat_columns,
          lemuel_another_geyser
D:2:      marbit_many_paths, serial_undead, serial_undead_c, serial_undead_d,
          serial_undead_b, serial_undead_f, uniq_terence
D:3:      nicolae_ru_the_path_less_chosen
D:4:      wad_pebble_path, first_bread
D:5:      kennysheep_little_box, eat_drink_and_be_merry_uskayaw,
          minmay_temple_entry_trees
D:6:      serial_shops, nicolae_shop_trees, bloody_trog
D:7:      kennysheep_mini, grunt_qazlal_sundering, overflow_temple_1_default,
          lemuel_doored_altar, serial_shops, shop, minmay_holes
D:8:      lemuel_coloured_pillars_altar, gammafunk_temple_overflow_pools,
          david_nohive_1, minmay_misc_feat_room
D:9:      orc_0_dummy, enter_bailey_3, lemuel_flamethrower_hall, uniq_gastronok
D:10:     cheibrodos_barr_body, minmay_misc_feat_iff
Temple:   zaba_magenta_temple
Bailey:   bailey_polearm_2, bailey

Skill      XL: |  1  2  3  4  5  6  7  8  9 10 11 |
---------------+----------------------------------+-----
Fighting       | 3 4 |  4.2
Unarmed Combat | 4 5 6 7 9 10 12 | 12.5
Dodging        | 3 4 5 6 |  6.4
Shields        | 1 2 3 5 7 8 |  8.1
Evocations     | 1 |  1.3
Armour         | 2 |  2.1
Throwing       | |  0.5
Stealth        | |  1.7

Action                   |  1- 3 |  4- 6 |  7- 9 | 10-12 || total
-------------------------+-------+-------+-------+-------++-------
Melee: Unarmed           |    64 |   163 |   250 |   313 ||   790
       Punch             |     1 |     1 |       |       ||     2
Throw: Throwing net      |       |     1 |       |       ||     1
 Abil: Evoke Flight      |       |       |     2 |     1 ||     3
Evoke: Wand              |       |       |     4 |     2 ||     6
       Phantom mirror    |       |       |       |     1 ||     1
  Use: Potion            |       |     1 |       |     6 ||     7
       Scroll            |       |       |     7 |     2 ||     9
 Stab: Sleeping          |     1 |     7 |     5 |     7 ||    20
       Held in net/web   |       |     3 |       |       ||     3
       Confused          |       |       |     1 |     1 ||     2
       Invisible         |       |       |       |     1 ||     1
  Eat: Chunk             |    14 |    18 |    34 |    30 ||    96
Armor: Robe              |    26 |    49 |    43 |    75 ||   193
Dodge: Dodged            |    41 |    69 |    81 |   157 ||   348
Block: Shield            |       |    10 |    86 |   185 ||   281
